 Dungeon Crawl Stone Soup version 0.18-a0-1666-g3ea6f2b (webtiles) character file.

22318 Ijustatesigmund the Covert (level 13, -4/80 HPs)
             Began as a Kobold Assassin on Mar 31, 2016.
             Was the Champion of Cheibriados.
             Slain by a polar bear (6 damage)
             ... in an ice cave.
             The game lasted 01:05:38 (17907 turns).

Ijustatesigmund the Covert (Kobold Assassin)       Turns: 17907, Time: 01:05:39

Health: -4/80      AC: 10    Str: 24    XL:     13   Next: 26%
Magic:  0/19       EV: 33    Int: 34    God:    Cheibriados [******]
Gold:   1083       SH:  0    Dex: 38    Spells: 3 memorised, 11 levels left

rFire  x . .     SeeInvis .     l - +1 dagger (freeze)
rCold  + + .     Gourm    .     D - +0 ring mail of Fortitude {rC+ rN+ Int+7 Dex-2}
rNeg   + . .     Faith    .     (shield restricted)
rPois  .         Spirit   +     i - +2 helmet
rElec  .         Dismiss  .     d - +1 cloak
rCorr  .         Reflect  .     (no gloves)
SustAt .         Harm     .     (no boots)
MR     +....                    o - amulet of guardian spirit
Stlth  +++++++...               B - ring of protection from magic
                                m - ring of ice

@: agile, very slow, somewhat resistant to hostile enchantments, extremely
stealthy
A: carnivore 3
a: Bend Time, Temporal Distortion, Slouch, Step From Time, Renounce Religion


You were in an ice cave.
You worshipped Cheibriados.
Cheibriados was exalted by your worship.
You were very full.

You visited 4 branches of the dungeon, and saw 17 of its levels.
You also visited: Ice Cave.

You collected 1083 gold pieces.

Inventory:

Hand Weapons
 a - a +2 dagger
 b - a +1 blowgun
 l - a +1 dagger of freezing (weapon)
 V - a +0 dagger of venom
Missiles
 e - 28 poisoned needles
 s - 2 poisoned tomahawks (quivered)
 C - a curare-tipped needle
Armour
 d - a +1 cloak (worn)
 i - a +2 helmet (worn)
 D - the +0 ring mail of Fortitude (worn) {rC+ rN+ Int+7 Dex-2}
   (You found it on level 6 of the Dungeon)

   It affects your intelligence (+7).
   It affects your dexterity (-2).
   It protects you from cold.
   It protects you from negative energy.
 P - a +3 ring mail of cold resistance
Jewellery
 c - a +4 ring of strength
 k - an uncursed ring of sustain attributes
 m - a ring of ice (left hand)
 o - an amulet of guardian spirit (around neck)
 B - a ring of protection from magic (right hand)
 Q - an uncursed ring of poison resistance
Wands
 t - a wand of polymorph (0/24)
 u - a wand of slowing (5/48)
 v - a wand of paralysis (6/24)
 w - a wand of lightning (0/15)
 F - a wand of acid (0/15)
 G - a wand of teleportation (6/9)
 M - a wand of slowing (19/48)
Scrolls
 q - 11 scrolls of remove curse
 x - 2 scrolls of magic mapping
 y - 2 scrolls of immolation
 J - a scroll of amnesia
Potions
 f - a potion of brilliance
 p - 2 potions of mutation
 r - a potion of resistance
 A - 2 potions of cancellation
 H - a potion of curing
 L - a potion of ambrosia {unknown}
 R - a potion of flight {unknown}
 U - 2 potions of might
Comestibles
 g - 10 meat rations
 h - 9 royal jellies
 E - 2 beef jerkies


   Skills:
 + Level 9.1 Fighting
 - Level 10.0 Short Blades
 + Level 9.2 Throwing
 - Level 3.1 Armour
 + Level 9.8 Dodging
 - Level 10.0 Stealth
 - Level 3.1 Spellcasting
 - Level 3.2 Conjurations
 - Level 3.0 Hexes
 - Level 2.1 Transmutations
 - Level 3.1 Ice Magic
 - Level 3.2 Air Magic
 - Level 2.0 Earth Magic
 - Level 3.5 Poison Magic
 - Level 9.0 Invocations


You had 11 spell levels left.
You knew the following spells:

 Your Spells              Type           Power        Failure   Level  Hunger
a - Ensorcelled Hibernat  Hex/Ice        #####.       4%          2    None
b - Mephitic Cloud        Conj/Pois/Air  ####....     8%          3    ##.....
c - Passwall              Trmt/Erth      ###.......   8%          2    None


Dungeon Overview and Level Annotations

Branches:
Dungeon (12/15)            Temple (1/1) D:7            Lair (2/8) D:9
    Orc (2/2) D:12            Elf (0/3) Orc:2

Altars:
Ashenzari
Cheibriados
Dithmenos
Elyvilon
Fedhas
Gozag
Kikubaaqudgha
Makhleb
Nemelex Xobeh
Okawaru
Pakellas
Qazlal
Ru
Sif Muna
Trog
Vehumet
Xom
Yredelemnul
Zin
The Shining One

Annotations:
Lair:1 exclusion: oklob plant
Orc:2 Donald


Innate Abilities, Weirdness & Mutations

You are small and have problems with some larger weapons.
You are carnivorous and can eat meat at any time.


Message History

The polar bear closely misses you.
The polar bear completely misses you. x2
The polar bear misses you. The polar bear completely misses you.
The polar bear bites you!
* * * LOW HITPOINT WARNING * * *
The polar bear closely misses you. The polar bear misses you.
The polar bear bites you but does no damage.
The polar bear claws you but does no damage.
The polar bear claws you.
* * * LOW HITPOINT WARNING * * *
Okay, then.
Evoke which item? (* to show all) (? for menu, Esc to quit)
Okay, then.
Drink which item? (? for menu, Esc to quit)
You feel agile all of a sudden.
The polar bear barely misses you. x2; The polar bear completely misses you.
The polar bear bites you but does no damage.
The polar bear closely misses you.
The polar bear completely misses you. x2
The polar bear misses you. The polar bear claws you. The polar bear misses you.
The polar bear claws you.
You die...

(## ##..# #(# #†# #.##
##.# ≈≈#.## #≈≈#.#####
##≈≈#hh@.##
####≈≈####.###
#..##≈##.##..##
#...##≈#..#...##
##.#..##÷..##...#
#.#....#.#..##..#
#..##..#÷##.##..####
#..##...###..#..##.##
##.#≈##..####.##.#...#


You could see a polar bear (berserk) and a wolf.

Vanquished Creatures
  Erolcha (D:8)
  An ettin (Orc:1)
  Harold (D:10)
  A fire crab (IceCv)
  A hill giant (D:10)
  An ugly thing (D:11)
  A cyclops (Orc:2)
  Joseph (D:9)
  A black mamba (Lair:2)
  2 spiny frogs
  A komodo dragon (Lair:1)
  8 polar bears (IceCv)
  A merfolk (D:10)
  A queen bee (Orc:1)
  Grinder (D:6)
  A two-headed ogre (D:9)
  Prince Ribbit (D:7)
  16 yaks
  2 wyverns
  2 basilisks
  A tarantella (IceCv)
  A hungry ghost (Orc:1)
  5 hippogriffs
  Menkaure (D:7)
  4 water moccasins
  6 porcupines
  9 orc warriors
  3 black bears
  2 phantoms (D:5)
  8 ogres
  2 ice beasts
  A sky beast (D:6)
  A wasp (D:10)
  6 centaurs
  6 crocodiles
  9 wolves (IceCv)
  5 giant frogs
  A big kobold (D:10)
  3 scorpions
  4 wights (D:6)
  31 killer bees
  An electric eel (Lair:1)
  6 howler monkeys
  4 crimson imps
  2 lava snakes (D:7)
  2 hounds
  7 jellies
  A quasit (D:5)
  10 orc priests
  3 centaur skeletons
  A giant frog skeleton (D:5)
  8 iguanas
  12 orc wizards
  14 worker ants
  A killer bee zombie (D:11)
  4 sheep (Orc:2)
  A hound zombie (D:8)
  3 gnolls (D:8)
  A howler monkey skeleton (D:4)
  30 river rats
  16 adders
  4 shadow imps
  2 oozes
  3 adder skeletons
  An adder zombie (D:9)
  2 dart slugs (D:2)
  6 giant geckos
  53 orcs
  A ball python (D:4)
  11 giant cockroaches
  5 goblins
  3 hobgoblins
  5 jackals (D:3)
  9 quokkas
  11 bats
  4 giant newts
  A jackal skeleton (D:4)
  14 kobolds
  A quokka skeleton (D:4)
  21 rats
438 creatures vanquished.

Vanquished Creatures (others)
  5 fungi (D:9)
5 creatures vanquished.

Grand Total: 443 creatures vanquished

Notes
Turn   | Place    | Note
--------------------------------------------------------------
     0 | D:1      | Ijustatesigmund the Kobold Assassin began the quest for the Orb.
     0 | D:1      | Reached XP level 1. HP: 12/12 MP: 1/1
   222 | D:1      | Reached XP level 2. HP: 18/18 MP: 2/2
   470 | D:1      | Reached XP level 3. HP: 20/22 MP: 3/3
  1029 | D:2      | HP: 1/33 [poisoned by an adder]
  1627 | D:2      | Reached XP level 4. HP: 27/27 MP: 4/4
  2115 | D:3      | Noticed an ogre
  2119 | D:3      | HP: 1/27 [ogre/giant spiked club (26)]
  2525 | D:3      | Reached XP level 5. HP: 28/32 MP: 5/5
  2684 | D:3      | Killed an ogre
  2684 | D:3      | Reached XP level 6. HP: 37/37 MP: 6/6
  3004 | D:3      | Reached skill level 5 in Short Blades
  3204 | D:3      | Found a sacrificial altar of Ru.
  3679 | D:3      | Reached XP level 7. HP: 41/41 MP: 7/7
  4209 | D:4      | Found a snail-covered altar of Cheibriados.
  4240 | D:4      | Became a worshipper of Cheibriados the Contemplative
  4594 | D:4      | Reached skill level 5 in Dodging
  4686 | D:4      | Reached skill level 1 in Invocations
  4944 | D:5      | Entered Level 5 of the Dungeon
  4988 | D:5      | Reached XP level 8. HP: 46/46 MP: 8/10
  5029 | D:5      | Reached * piety under Cheibriados
  5047 | D:5      | Found a glowing golden altar of the Shining One.
  5383 | D:5      | Found a burning altar of Makhleb.
  5493 | D:5      | Reached skill level 5 in Invocations
  5845 | D:6      | Got a jewelled ring mail
  5856 | D:6      | Identified the +0 ring mail of Fortitude {rC+ rN+ Int+7 Dex-2} (You found it on level 6 of the Dungeon)
  5859 | D:6      | Learned a level 2 spell: Ensorcelled Hibernation
  5879 | D:6      | Noticed Grinder
  5884 | D:6      | Killed Grinder
  5884 | D:6      | Reached ** piety under Cheibriados
  5884 | D:6      | Reached XP level 9. HP: 51/51 MP: 13/13
  5941 | D:6      | Found a white marble altar of Elyvilon.
  5990 | D:6      | Reached skill level 10 in Stealth
  6094 | D:6      | Reached skill level 1 in Hexes
  6094 | D:6      | Reached skill level 1 in Ice Magic
  6365 | D:6      | Found a bloodstained altar of Trog.
  6624 | D:6      | Found a deep blue altar of Sif Muna.
  6718 | D:7      | Noticed Menkaure
  6721 | D:7      | Killed Menkaure
  6747 | D:7      | Noticed Prince Ribbit
  6883 | D:6      | Reached skill level 5 in Throwing
  6916 | D:7      | Killed Prince Ribbit
  6916 | D:7      | Reached skill level 5 in Fighting
  7335 | D:7      | Reached XP level 10. HP: 44/59 MP: 10/14
  7473 | D:7      | Found a staircase to the Ecumenical Temple.
  7484 | Temple   | Entered the Ecumenical Temple
  7774 | D:7      | Reached *** piety under Cheibriados
  7861 | D:7      | Found a shattered altar of Ashenzari.
  7899 | D:7      | Reached skill level 1 in Armour
  8124 | D:7      | Learned a level 3 spell: Mephitic Cloud
  8321 | D:7      | Found a bloodstained altar of Trog.
  8358 | D:7      | Reached skill level 1 in Air Magic
  8533 | D:7      | Reached skill level 1 in Conjurations
  8886 | D:8      | Reached **** piety under Cheibriados
  8886 | D:8      | Reached skill level 1 in Poison Magic
  9280 | D:8      | Noticed Erolcha
  9307 | D:8      | HP: 3/60 [Erolcha/giant club (24)]
  9311 | D:8      | Killed Erolcha
 10125 | D:9      | Reached XP level 11. HP: 20/64 MP: 5/15
 10696 | D:9      | Noticed Joseph
 10727 | D:9      | Killed Joseph
 10727 | D:9      | Reached skill level 1 in Spellcasting
 10911 | D:9      | Found a staircase to the Lair.
 11053 | D:9      | Found a basalt altar of Yredelemnul.
 11054 | D:9      | Found a sacrificial altar of Ru.
 11299 | D:10     | Entered Level 10 of the Dungeon
 11354 | D:10     | Found an iron altar of Okawaru.
 11606 | D:10     | Reached ***** piety under Cheibriados
 12022 | D:10     | Noticed Harold
 12028 | D:10     | Killed Harold
 12034 | D:10     | Noticed a hill giant
 12441 | D:10     | Killed a hill giant
 13181 | Lair:1   | Entered Level 1 of the Lair of Beasts
 13665 | Lair:1   | Reached XP level 12. HP: 70/70 MP: 18/18
 14274 | Lair:1   | Reached ****** piety under Cheibriados
 14928 | Lair:2   | Reached skill level 10 in Short Blades
 15244 | Lair:2   | Noticed a six-headed hydra
 15342 | Lair:1   | Learned a level 2 spell: Passwall
 15658 | D:11     | Reached skill level 1 in Transmutations
 15658 | D:11     | Reached skill level 1 in Earth Magic
 15717 | D:11     | You fall through a shaft!
 15717 | D:12     | Found a staircase to the Orcish Mines.
 15735 | Orc:1    | Entered Level 1 of the Orcish Mines
 16222 | Orc:2    | Entered Level 2 of the Orcish Mines
 16224 | Orc:2    | Noticed Donald
 16234 | Orc:1    | Noticed an ettin
 16236 | Orc:1    | Killed an ettin
 16320 | Orc:2    | Found a staircase to the Elven Halls.
 16401 | Orc:2    | Found a frozen archway.
 16411 | IceCv    | Entered an ice cave
 16547 | IceCv    | Noticed a fire crab
 16547 | IceCv    | a polar bear changed into a fire crab
 17122 | IceCv    | Reached XP level 13. HP: 70/79 MP: 16/19
 17904 | IceCv    | HP: 4/80 [polar bear (7)]
 17904 | IceCv    | HP: 1/80 [polar bear (3)]
 17907 | IceCv    | Slain by a polar bear

Vault maps used:
D:1:      minmay_arrival_jagged, minmay_box_of_dots
D:2:      first_bread, minivault_27
D:3:      nicolae_ru_sacrificial_ziggurat
D:4:      cheibriados_altar_wand_db
D:5:      overflow_temple_1_default, kennysheep_mini
D:6:      overflow_temple_1_default, kennysheep_mini_moat, basic_altar,
          kennysheep_generic_room_13, uniq_grinder
D:7:      lightli_temple_of_fire, evilmike_ruin_ashenzari,
          minmay_temple_entry_poolview, uniq_prince_ribbit1, uniq_menkaure
D:8:      uniq_erolcha
D:9:      grunt_temple_overflow_open, grunt_lair_entry_orc_guard_hut,
          uniq_joseph
D:10:     hangedman_fish_farm, okawaru_trees_1, uniq_harold
D:11:     interstate_on_off
D:12:     orc_0_dummy
Temple:   dpeg_five_rooms_temple_12
Lair:1:   minmay_lair_oklob_chamber, infiniplex_staircase_pool,
          grunt_megastairs_5, serial_bayou_shore_b
Orc:1:    special_room, nicolae_orc_lava_room
Orc:2:    st_orc_open, portal_ice_cave_entry_pillars_02, uniq_donald
IceCv:    ice_cave_caverns_01

Skill      XL: |  1  2  3  4  5  6  7  8  9 10 11 12 13 |
---------------+----------------------------------------+-----
Short Blades   | 3 4 5 6 9 10 | 10.0
Dodging        | 2 3 4 5 7 8 9 |  9.8
Stealth        | 6 7 9 10 | 10.0
Throwing       | 3 5 6 8 9 |  9.2
Fighting       | 3 5 6 8 9 |  9.1
Invocations    | 3 5 9 |  9.0
Hexes          | 3 |  3.0
Ice Magic      | 3 |  3.1
Armour         | 3 |  3.1
Air Magic      | 3 |  3.2
Conjurations   | 2 3 |  3.2
Poison Magic   | 3 |  3.5
Spellcasting   | 3 |  3.1
Transmutations | 2 |  2.1
Earth Magic    | 2 |  2.0

Action                   |  1- 3 |  4- 6 |  7- 9 | 10-12 | 13-15 || total
-------------------------+-------+-------+-------+-------+-------++-------
Melee: Dagger            |    81 |   200 |   531 |  1613 |   264 ||  2689
 Fire: Blowgun           |       |    12 |     5 |       |       ||    17
Throw: Tomahawk          |       |       |    11 |    30 |     1 ||    42
       Throwing net      |       |       |       |     4 |    11 ||    15
 Cast: Ensorcelled Hiber |       |       |     5 |    34 |     2 ||    41
       Mephitic Cloud    |       |       |       |     5 |       ||     5
       Passwall          |       |       |       |     2 |       ||     2
Invok: Slouch            |       |       |       |     6 |     1 ||     7
       Temporal Distorti |       |       |       |     3 |       ||     3
       Step From Time    |       |       |       |     1 |       ||     1
Evoke: Wand              |       |       |       |    19 |     4 ||    23
  Use: Scroll            |     3 |     5 |     7 |    16 |       ||    31
       Potion            |     1 |     1 |     1 |     9 |     2 ||    14
 Stab: Sleeping          |     7 |     4 |    23 |    61 |     1 ||    96
       Distracted        |       |       |     4 |     5 |     1 ||    10
       Confused          |       |       |       |     5 |       ||     5
       Held in net/web   |       |       |       |     2 |     8 ||    10
  Eat: Chunk             |     1 |    14 |    10 |    17 |     4 ||    46
       Royal jelly       |       |       |       |     2 |       ||     2
       Pizza             |       |       |       |     1 |       ||     1
